[Event "Titled Tuesday Blitz March 22 Early 2022"]
[White "Chincholimath, Halsagar"]
[Black "Lakshmi C"]
[WhiteFideId "5022487"]
[BlackFideId "25035347"]
[WhiteElo "1737"]
[BlackElo "1775"]
[Result "0-1"]
[Round "04"]
[TimeControl "180+1"]
[Date "2022.03.22"]
[WhiteClock "0:00:10"]
[BlackClock "0:00:15"]

1. e4 c5 2. c3 Nf6 3. e5 Nd5 4. d4 cxd4 5. Nf3 Nc6 6. cxd4 e6 7. Nc3 d6 8. Bd3 dxe5 9. dxe5 Nb6 10. Qe2 Nb4 11. Bb1 Bd7 12. O-O N4d5 13. Ne4 Bc6 14. Rd1 Qc7 15. a3 O-O-O 16. b4 Ba4 17. Re1 Kb8 18. Bd3 Nc3 19. Nxc3 Qxc3 20. Bg5 Rxd3 21. Rac1 Qb3 22. Nd2 Qd5 23. Ne4 h6 24. Be3 Be7 25. Bxb6 axb6 26. h3 Bb5 27. Qb2 Ba6 28. Nc3 Qd4 29. Nd1 Rd2 30. Qb3 Be2 31. Nc3 Bc4 32. Re4 Qxf2+ 0-1


[Site "https://www.chess.com"]

[Event "Titled Tuesday Blitz March 22 Early 2022"]
[White "Ciolacu, Alessia-Mihaela"]
[Black "Aravindh, Chithambaram VR."]
[WhiteFideId "1252640"]
[BlackFideId "5072786"]
[WhiteElo "1777"]
[BlackElo "2561"]
[Result "0-1"]
[Round "04"]
[TimeControl "180+1"]
[Date "2022.03.22"]
[WhiteClock "0:00:29"]
[BlackClock "0:00:23"]

1. Nf3 g6 2. c4 Bg7 3. Nc3 c5 4. e3 d6 5. d4 Nd7 6. Bd3 Ngf6 7. O-O O-O 8. d5 a6 9. h3 b5 10. cxb5 axb5 11. Bxb5 Ba6 12. Bxa6 Rxa6 13. Qe2 Qa8 14. e4 Rb8 15. Be3 Ne8 16. Bg5 Rab6 17. Bc1 Nc7 18. a4 Rb4 19. Nd2 Ne5 20. f4 Nd7 21. Nc4 Qa6 22. Nb5 Nxb5 23. axb5 Qxa1 24. Bd2 Qa4 25. Bxb4 cxb4 26. e5 Qxb5 27. e6 Nc5 28. exf7+ Kxf7 29. Re1 Bf6 30. g4 b3 31. Kg2 Qb7 32. g5 Qxd5+ 33. Kh2 Qd3 34. gxf6 Qxe2+ 35. Rxe2 Kxf6 36. Kg3 Rb4 37. Nd2 Rd4 38. Kf3 Rd3+ 39. Kg4 h5+ 40. Kh4 Rd4 41. Kg3 Rxd2 0-1


[Site "https://www.chess.com"]

[Event "Titled Tuesday Blitz March 22 Early 2022"]
[White "Cramling Bellon, Anna"]
[Black "Sanchez, Robert"]
[WhiteFideId "32009232"]
[BlackFideId "2034360"]
[WhiteElo "1905"]
[BlackElo "2302"]
[Result "1-0"]
[Round "04"]
[TimeControl "180+1"]
[Date "2022.03.22"]
[WhiteClock "0:00:46"]
[BlackClock "0:01:02"]

1. d4 Nf6 2. c4 e6 3. Nc3 Bb4 4. Qc2 Nc6 5. Nf3 d6 6. Bd2 O-O 7. e3 e5 8. Be2 Bg4 9. d5 Ne7 10. O-O Bxc3 11. Bxc3 Bf5 12. Qb3 b6 13. Nh4 Bd7 14. f4 exf4 15. Bxf6 gxf6 16. Rxf4 Ng6 17. Raf1 Nxf4 18. Rxf4 Qe7 19. e4 Qe5 20. Qg3+ Kh8 21. Qf2 Rg8 22. Rxf6 Qxe4 23. Rxf7 Qe5 24. Rxd7 Raf8 25. Ng6+ 1-0


[Site "https://www.chess.com"]

[Event "Titled Tuesday Blitz March 22 Early 2022"]
[White "Demchenko, Anton"]
[Black "Coto Mederos, Michel"]
[WhiteFideId "4160258"]
[BlackFideId "3508528"]
[WhiteElo "2539"]
[BlackElo "2427"]
[Result "1-0"]
[Round "04"]
[TimeControl "180+1"]
[Date "2022.03.22"]
[WhiteClock "0:00:46"]
[BlackClock "0:00:05"]

1. e4 g6 2. d4 Bg7 3. Nf3 c6 4. Bd3 d5 5. e5 Bg4 6. Nbd2 f6 7. h3 Bxf3 8. Nxf3 Nd7 9. exf6 Ngxf6 10. O-O O-O 11. Ng5 Qb6 12. Ne6 Rf7 13. c3 c5 14. Qe2 cxd4 15. cxd4 Rc8 16. Bg5 Nf8 17. Nxg7 Kxg7 18. Rad1 Ne6 19. Be3 Nh5 20. g3 Nxd4 21. Bxd4+ Qxd4 22. Bxg6 Nxg3 23. Qe6 Rxf2 24. Rxd4 Rxf1+ 25. Kg2 hxg6 26. Qxc8 Nf5 27. Kxf1 1-0


[Site "https://www.chess.com"]

[Event "Titled Tuesday Blitz March 22 Early 2022"]
[White "Dinu, Dumitru-Daniel"]
[Black "Olsen, Filip Boe"]
[WhiteFideId "1208403"]
[BlackFideId "1440640"]
[WhiteElo "2240"]
[BlackElo "2188"]
[Result "0-1"]
[Round "04"]
[TimeControl "180+1"]
[Date "2022.03.22"]
[WhiteClock "0:00:02"]
[BlackClock "0:00:12"]

1. e4 c6 2. Nc3 d5 3. Nf3 Nf6 4. e5 Ne4 5. Ne2 Qb6 6. d4 e6 7. Ng3 c5 8. Bd3 Nxg3 9. hxg3 h6 10. c3 Nc6 11. O-O Bd7 12. Be3 Be7 13. Rb1 O-O-O 14. dxc5 Bxc5 15. Bxc5 Qxc5 16. b4 Qb6 17. b5 Na5 18. Qe2 Kb8 19. c4 dxc4 20. Bxc4 Rc8 21. Rfc1 Rc5 22. Bd3 Rhc8 23. Rxc5 Rxc5 24. a4 Qc7 25. Qe4 Nc4 26. Bxc4 Rxc4 27. Qh7 Rxa4 28. Qxg7 Ra5 29. Qxf7 Rxb5 30. Qf8+ Qc8 31. Qd6+ Qc7 32. Qf8+ Qc8 33. Qd6+ Ka8 34. Rd1 Be8 35. Qe7 Rd5 36. Rxd5 exd5 37. Nd4 a5 38. e6 a4 39. Qd6 Qc4 40. Qd8+ Ka7 41. Qa5+ Kb8 42. Qd8+ Ka7 43. Qa5+ Kb8 44. Qd8+ Qc8 45. Qd6+ Qc7 46. Qb4 Qc1+ 47. Kh2 a3 48. Qd6+ Ka7 49. e7 a2 50. Qd8 a1=Q 51. Nb5+ Bxb5 52. e8=Q Bxe8 53. Qxd5 Qh1# 0-1


[Site "https://www.chess.com"]

[Event "Titled Tuesday Blitz March 22 Early 2022"]
[White "Dolzhykova, Kateryna"]
[Black "Tasev, Dejan"]
[WhiteFideId "14113414"]
[BlackFideId "936618"]
[WhiteElo "2184"]
[BlackElo "2253"]
[Result "0-1"]
[Round "04"]
[TimeControl "180+1"]
[Date "2022.03.22"]
[WhiteClock "0:00:01"]
[BlackClock "0:00:12"]

1. e4 e5 2. Nf3 Nf6 3. Nc3 Nc6 4. a3 Be7 5. d4 exd4 6. Nxd4 Bc5 7. Be3 Bb6 8. Bc4 d6 9. O-O h6 10. f3 O-O 11. Qd2 Re8 12. Rae1 Nxd4 13. Bxd4 Be6 14. Bxe6 Rxe6 15. Ne2 Re8 16. Kh1 Nd7 17. Nf4 Qg5 18. Bxb6 axb6 19. Rd1 Nf6 20. Nd5 Nxd5 21. Qxg5 hxg5 22. Rxd5 f6 23. Rfd1 Kf7 24. Kg1 Ke7 25. Kf2 Ke6 26. R1d3 Red8 27. Rc3 c6 28. Rd4 b5 29. h3 Rd7 30. g3 Rh8 31. Kg2 Rdd8 32. Rcd3 Rd7 33. f4 gxf4 34. gxf4 Rh5 35. Kg3 Rc5 36. f5+ Ke5 37. Kf3 d5 38. c3 Rc4 39. Ke3 Rxd4 40. Rxd4 c5 41. Rd1 b6 42. b4 d4+ 43. cxd4+ cxd4+ 44. Kd3 Rc7 45. Rg1 Rc3+ 46. Kd2 Rxh3 47. Rxg7 Rxa3 48. Re7+ Kf4 49. Re6 Re3 50. Rxb6 Rxe4 51. Rxf6 Re3 52. Rb6 Rb3 53. Rxb5 Ke4 54. Rb8 Rb2+ 55. Kc1 Rf2 56. f6 Rxf6 57. Re8+ Kd3 58. b5 Rb6 59. Kb2 Rxb5+ 60. Kc1 Rb4 61. Rh8 Rc4+ 62. Kd1 Kc3 63. Rh3+ d3 64. Rh8 Rc6 0-1


[Site "https://www.chess.com"]

[Event "Titled Tuesday Blitz March 22 Early 2022"]
[White "Donchenko, Alexander"]
[Black "Sjugirov, Sanan"]
[WhiteFideId "24603295"]
[BlackFideId "4189302"]
[WhiteElo "2539"]
[BlackElo "2602"]
[Result "1-0"]
[Round "04"]
[TimeControl "180+1"]
[Date "2022.03.22"]
[WhiteClock "0:00:09"]
[BlackClock "0:00:03"]

1. Nf3 d5 2. d4 Nf6 3. c4 e6 4. g3 Bb4+ 5. Bd2 Be7 6. Bg2 O-O 7. O-O c6 8. Bc3 Ne4 9. Be1 Nd7 10. Nbd2 f5 11. Qc2 Bd6 12. Rb1 Qe7 13. a3 g5 14. Nxe4 fxe4 15. Nd2 Qg7 16. Nb3 Nf6 17. Bb4 Bxb4 18. axb4 Qe7 19. Qc3 Bd7 20. f3 exf3 21. exf3 dxc4 22. Qxc4 Nd5 23. Rfe1 Rad8 24. Nc5 Bc8 25. b5 cxb5 26. Qxb5 Qf6 27. Rbd1 b6 28. Ne4 Qg7 29. Kh1 Bb7 30. Qe2 Kh8 31. Qd2 h6 32. Ra1 a5 33. Rad1 Ne7 34. Qf2 Nf5 35. Nc3 Nxd4 36. Re3 b5 37. Rde1 b4 38. Ne4 Bd5 39. Nc5 Rc8 40. Rd3 Rxc5 41. Rxd4 Rc7 42. Rd2 Rcf7 43. Re3 a4 44. Kg1 Qf6 45. Qe1 Ra8 46. Qc1 Kg7 47. Qc5 Rb7 48. Qd6 Raa7 49. Bh3 Qe7 50. Qe5+ Qf6 51. Qd6 h5 52. Bxe6 Bxe6 53. Rxe6 Qf7 54. Qe5+ Kh7 55. Rdd6 a3 56. Rh6+ 1-0


[Site "https://www.chess.com"]

[Event "Titled Tuesday Blitz March 22 Early 2022"]
[White "Dreev, Aleksey"]
[Black "Koellner, Ruben Gideon"]
[WhiteFideId "4100107"]
[BlackFideId "12993093"]
[WhiteElo "2625"]
[BlackElo "2505"]
[Result "1-0"]
[Round "04"]
[TimeControl "180+1"]
[Date "2022.03.22"]
[WhiteClock "0:00:13"]
[BlackClock "0:00:04"]

1. d4 d6 2. Nf3 Nf6 3. g3 Nbd7 4. Bg2 e5 5. O-O Be7 6. Nc3 O-O 7. e4 c6 8. a4 a5 9. Be3 Qc7 10. h3 Nb8 11. Re1 Na6 12. b3 Nb4 13. Bd2 Re8 14. Qc1 Bf8 15. Qb2 Bd7 16. Rad1 Rad8 17. Bg5 Be7 18. Qc1 Bc8 19. Rd2 h6 20. Be3 Bf8 21. Red1 Rd7 22. Qb2 b6 23. Nh4 g6 24. Qc1 Kh7 25. Nf3 Bg7 26. dxe5 dxe5 27. Rxd7 Nxd7 28. Nd2 Ba6 29. Bf1 Bxf1 30. Kxf1 Bf8 31. Nc4 h5 32. Kg2 Bc5 33. Qd2 Re7 34. h4 Bxe3 35. Nxe3 Nc5 36. Qd6 Qxd6 37. Rxd6 Kg7 38. Kf3 Rd7 39. Rxd7 Nxd7 40. Nb1 Kf6 41. Na3 Ke6 42. Nac4 Na2 43. Ke2 Nb4 44. f3 Na6 45. g4 Nac5 46. gxh5 gxh5 47. Nf5 Kf6 48. Ke3 Ne6 49. Nfd6 Nf4 50. Kf2 Ng6 51. Kg3 Nf4 52. Nc8 Ne2+ 53. Kf2 Nd4 54. N8xb6 Nxb6 55. Nxb6 Nxc2 56. Nc4 Nd4 57. Nxa5 c5 58. Ke3 Ke6 59. f4 f6 60. f5+ Kd7 61. Nc4 Nxb3 62. a5 Nd4 63. a6 Nb5 64. Nb6+ Ke7 65. Nd5+ Kf7 66. Kd3 Nd6 67. a7 c4+ 68. Kc2 Nb5 69. a8=Q Nd4+ 70. Kd1 c3 71. Qb7+ Kg8 72. Qc8+ Kh7 73. Qxc3 Kh6 74. Qc1+ Kh7 75. Nxf6+ Kg7 76. Qg5+ Kf7 77. Nd5 Nf3 78. Qf6+ Kg8 79. Ne7+ Kh7 80. Qg6+ Kh8 81. Qh6# 1-0


[Site "https://www.chess.com"]

[Event "Titled Tuesday Blitz March 22 Early 2022"]
[White "Dudzinski, Pawel"]
[Black "Piliczewski, Bogusz"]
[WhiteFideId "1117890"]
[BlackFideId "1104144"]
[WhiteElo "2033"]
[BlackElo "1896"]
[Result "1-0"]
[Round "04"]
[TimeControl "180+1"]
[Date "2022.03.22"]
[WhiteClock "0:00:19"]
[BlackClock "0:00:44"]

1. e4 c6 2. d4 d5 3. e5 c5 4. dxc5 e6 5. Be3 Nd7 6. Bb5 Ne7 7. Nf3 Nc6 8. Bxc6 bxc6 9. b4 a5 10. c3 Ba6 11. Bd4 Qb8 12. a3 Be7 13. Nbd2 Qb5 14. Nb3 a4 15. Nc1 O-O 16. Nd2 Qb8 17. f4 f6 18. Nf3 Bc4 19. Nd3 Qb5 20. Nb2 Bb3 21. Qe2 Qb8 22. O-O Qe8 23. exf6 Bxf6 24. Rae1 e5 25. Nxe5 Bxe5 26. Bxe5 Nxe5 27. Qxe5 Qxe5 28. Rxe5 Rae8 29. Rfe1 Rxe5 30. fxe5 Rf5 31. g3 Kf8 32. Rf1 Rxf1+ 33. Kxf1 Ke7 34. Kf2 Ke6 35. Nd3 Bc4 36. Ke3 g5 37. Kd4 h5 38. Nb2 Bb5 39. h4 gxh4 40. gxh4 Kf5 41. c4 dxc4 42. Nxc4 Bxc4 43. Kxc4 Kxe5 44. b5 cxb5+ 45. Kxb5 Kf4 46. c6 Kg4 47. c7 Kxh4 48. c8=Q Kg3 49. Qc6 h4 50. Qh1 h3 51. Kxa4 1-0


[Site "https://www.chess.com"]

[Event "Titled Tuesday Blitz March 22 Early 2022"]
[White "Estrada Nieto, Julian"]
[Black "Khamdamova, Afruza"]
[WhiteFideId "5101018"]
[BlackFideId "14210444"]
[WhiteElo "2246"]
[BlackElo "1660"]
[Result "1-0"]
[Round "04"]
[TimeControl "180+1"]
[Date "2022.03.22"]
[WhiteClock "0:00:02"]
[BlackClock "0:00:03"]

1. e4 e5 2. Nf3 Nf6 3. d4 Nxe4 4. Bd3 d5 5. Nxe5 Bd6 6. O-O O-O 7. Nc3 Nxc3 8. bxc3 Nd7 9. Nxd7 Bxd7 10. Qh5 f5 11. Bg5 Qe8 12. Qf3 c6 13. Rfe1 Qf7 14. Bf4 Bxf4 15. Qxf4 Rac8 16. Re5 c5 17. Rae1 c4 18. Bf1 Rce8 19. g3 Rxe5 20. Rxe5 Re8 21. Bg2 Rxe5 22. Qxe5 Bc6 23. Qb8+ Qf8 24. Qxa7 f4 25. Bh3 f3 26. Qb6 Qe7 27. Qb1 Qe2 28. Qc1 Ba4 29. a3 Bxc2 30. Bf1 Qe4 31. Qd2 Bd3 32. h4 Bxf1 33. Kxf1 Qb1+ 34. Qe1 Qd3+ 35. Kg1 Kf7 36. Kh2 Qe2 37. Qg1 Qd2 38. Kh3 Qxc3 39. Qb1 Qb3 40. Qf5+ Ke7 41. Qe5+ Kf8 42. Qd6+ Ke8 43. Qxd5 Qd3 44. Qe5+ Kf7 45. Qf4+ Kg8 46. Qb8+ Kf7 47. Qxb7+ Kg6 48. Qc6+ Kf7 49. Qd7+ Kf6 50. Qd6+ Kf7 51. Qf4+ Ke7 52. Qe5+ Kf7 53. Qd5+ Kf6 54. Qd6+ Kf7 55. d5 c3 56. Qe6+ Kf8 57. d6 Qf1+ 58. Kg4 h5+ 59. Kg5 Qc1+ 60. Kf5 Qc2+ 61. Kf4 Qd2+ 62. Kxf3 Qd3+ 63. Kg2 c2 64. Qe7+ Kg8 65. d7 c1=Q 66. d8=Q+ Qxd8 67. Qxd8+ Kh7 68. Qd3+ g6 69. a4 Qc5 70. Qb5 Qc6+ 71. Qxc6 1-0


[Site "https://www.chess.com"]

[Event "Titled Tuesday Blitz March 22 Early 2022"]
[White "FGHSMN"]
[Black "Kett, Tim"]
[BlackFideId "1801210"]
[WhiteElo "2696"]
[BlackElo "2098"]
[Result "0-1"]
[Round "04"]
[TimeControl "180+1"]
[Date "2022.03.22"]
[WhiteClock "0:02:11"]
[BlackClock "0:01:13"]

1. d4 d5 2. Nf3 e6 3. Bf4 c5 4. c3 Nc6 5. e3 Nf6 6. Nbd2 Nh5 7. Bg5 Qb6 8. Rb1 h6 9. Bh4 g5 10. Bg3 Nxg3 11. hxg3 Bg7 12. g4 Bd7 13. Bd3 O-O-O 14. Qe2 Kb8 15. O-O f6 16. dxc5 Qc7 17. b4 h5 18. b5 hxg4 19. bxc6 Bxc6 20. Bb5 gxf3 21. Nxf3 g4 22. Bxc6 gxf3 23. Rxb7+ Qxb7 24. Qxf3 Qxc6 25. Qg3+ Qc7 26. Rb1+ Kc8 27. Qg6 Qh2+ 28. Kf1 Qh1+ 29. Ke2 Qh5+ 0-1


[Site "https://www.chess.com"]

[Event "Titled Tuesday Blitz March 22 Early 2022"]
[White "Fathy, Elameir"]
[Black "Gulecyuz, Deniz"]
[WhiteFideId "10600396"]
[BlackFideId "30921341"]
[WhiteElo "2311"]
[BlackElo "1923"]
[Result "1-0"]
[Round "04"]
[TimeControl "180+1"]
[Date "2022.03.22"]
[WhiteClock "0:01:27"]
[BlackClock "0:00:08"]

1. d4 Nf6 2. c4 g6 3. Nc3 d5 4. cxd5 Nxd5 5. Bd2 Bg7 6. e4 Nxc3 7. Bxc3 O-O 8. Qd2 c5 9. d5 Bxc3 10. bxc3 e6 11. Bc4 exd5 12. Bxd5 Nc6 13. Ne2 Be6 14. O-O Qa5 15. Rab1 Qa6 16. Bxe6 fxe6 17. Nf4 Rad8 18. Qe3 Qxa2 19. Rxb7 Qc4 20. Nh5 Rf7 21. Rxf7 Kxf7 22. Qf4+ Kg8 23. Nf6+ Kg7 24. Ng4 Qxc3 25. Qc7+ Kg8 26. Nh6+ Kh8 27. Nf7+ Kg8 28. Nxd8 Nxd8 29. Qxd8+ Kf7 30. Qd7+ Kf6 31. Qxh7 a5 32. Qh8+ 1-0


[Site "https://www.chess.com"]

[Event "Titled Tuesday Blitz March 22 Early 2022"]
[White "Ferreira, Vitor Hugo Vieira"]
[Black "Sarkar, Justin"]
[WhiteFideId "2119765"]
[BlackFideId "2010011"]
[WhiteElo "2165"]
[BlackElo "2038"]
[Result "0-1"]
[Round "04"]
[TimeControl "180+1"]
[Date "2022.03.22"]
[WhiteClock "0:01:13"]
[BlackClock "0:00:03"]

1. Nf3 d5 2. g3 Nf6 3. Bg2 Nbd7 4. O-O e5 5. d4 e4 6. Ne5 Bd6 7. c4 Nxe5 8. dxe5 Bxe5 9. cxd5 Qxd5 10. Qxd5 Nxd5 11. Bxe4 Be6 12. Nc3 Nxc3 13. bxc3 O-O-O 14. Rb1 c6 15. Be3 Bxc3 16. Rfc1 Bd2 17. Bxd2 Rxd2 18. a4 Rxe2 19. Bf3 Re5 20. Rb2 Rd8 21. Rcb1 Rd7 22. Rb4 a5 23. Rh4 h6 24. Kg2 Kc7 25. Rf4 Rd2 26. h4 Rf5 27. Re4 Bd5 28. Re7+ Kd6 29. Bxd5 Rfxf2+ 30. Kh3 Kxe7 31. Rxb7+ Kd6 32. Bxf7 Rh2+ 33. Kg4 Rd4+ 34. Kh5 Rxa4 35. Be8 Rb4 36. Rxg7 a4 37. Rg6+ Ke7 38. Bxc6 a3 39. Bd5 Ra4 40. Kxh6 Ra5 41. Bg8 a2 42. Bxa2 Raxa2 43. h5 Rag2 44. g4 Rh4 45. Rg8 Rgxg4 46. Ra8 Rf4 47. Ra7+ Kf6 48. Ra6+ Kf5 49. Ra5+ Kg4 50. Rg5+ Kf3 51. Ra5 Rhg4 52. Ra3+ Kg2 53. Ra2+ Kg3 54. Ra3+ Rf3 55. Ra6 Rf5 56. Ra3+ Kh4 57. Ra6 Rxh5# 0-1


[Site "https://www.chess.com"]

[Event "Titled Tuesday Blitz March 22 Early 2022"]
[White "Fiol, Fabrice"]
[Black "Fawole, John Oyeyemi"]
[WhiteFideId "611670"]
[BlackFideId "8501319"]
[WhiteElo "2481"]
[BlackElo "2091"]
[Result "1-0"]
[Round "04"]
[TimeControl "180+1"]
[Date "2022.03.22"]
[WhiteClock "0:01:16"]
[BlackClock "0:01:16"]

1. e4 c5 2. Nf3 d6 3. d4 cxd4 4. Nxd4 Nf6 5. Nc3 e6 6. Be2 Be7 7. g4 Nc6 8. Be3 a6 9. g5 Nd7 10. h4 Qc7 11. Qd2 Nce5 12. f4 Nc4 13. Bxc4 Qxc4 14. O-O-O O-O 15. Kb1 b5 16. h5 Bb7 17. g6 b4 18. gxh7+ Kxh7 19. Nce2 Bxe4 20. Rh2 Rfc8 21. Ng3 Bd5 22. b3 Qc3 23. Qf2 Nc5 24. Bd2 Ne4 25. Nxe4 Qxc2+ 26. Nxc2 Bxe4 27. Rc1 a5 28. h6 g6 29. Qd4 1-0


[Site "https://www.chess.com"]

[Event "Titled Tuesday Blitz March 22 Early 2022"]
[White "Gabrielian, Artur"]
[Black "Terry, Renato"]
[WhiteFideId "4131002"]
[BlackFideId "3803457"]
[WhiteElo "2440"]
[BlackElo "2577"]
[Result "0-1"]
[Round "04"]
[TimeControl "180+1"]
[Date "2022.03.22"]
[WhiteClock "0:00:02"]
[BlackClock "0:00:18"]

1. e4 e6 2. d3 d5 3. Qe2 Be7 4. Nf3 Nf6 5. g3 c5 6. Bg2 Nc6 7. O-O O-O 8. e5 Nd7 9. c4 Nb6 10. Nc3 f5 11. exf6 Bxf6 12. Re1 Bd7 13. Bf4 Nd4 14. Nxd4 Bxd4 15. cxd5 e5 16. Be3 Bf5 17. Rac1 Rc8 18. Bxd4 cxd4 19. Ne4 Rxc1 20. Rxc1 Nxd5 21. Nc5 Re8 22. Nxb7 Qd7 23. Nc5 Qd8 24. Ne4 Qb6 25. h4 h6 26. Qc2 Rc8 27. Qd2 Rb8 28. b3 Bxe4 29. Bxe4 Nc3 30. Bg2 Rf8 31. Re1 Qf6 32. b4 Kh8 33. a3 Qf5 34. f4 Qg4 35. Qf2 exf4 36. Qf3 Qxg3 37. Qxg3 fxg3 38. Re7 Rf2 39. h5 Ne2+ 40. Kh1 Kg8 41. Bd5+ Kf8 0-1


[Site "https://www.chess.com"]

[Event "Titled Tuesday Blitz March 22 Early 2022"]
[White "Gaehwiler, Gabriel"]
[Black "Paravyan, David"]
[WhiteFideId "1314530"]
[BlackFideId "4194985"]
[WhiteElo "2383"]
[BlackElo "2569"]
[Result "1/2-1/2"]
[Round "04"]
[TimeControl "180+1"]
[Date "2022.03.22"]
[WhiteClock "0:01:00"]
[BlackClock "0:02:09"]

1. d4 Nf6 2. Nf3 g6 3. c4 Bg7 4. g3 c6 5. Bg2 d5 6. cxd5 cxd5 7. Nc3 Ne4 8. O-O O-O 9. Qb3 Nxc3 10. bxc3 Nc6 11. Bf4 Na5 12. Qb4 b6 13. Nd2 Bb7 14. e4 dxe4 15. Nxe4 Rc8 16. Rfd1 Qd7 17. Nc5 bxc5 18. dxc5 Qf5 19. Bxb7 Nxb7 20. Qxb7 Qxc5 21. Be3 Qc7 22. Rd7 Qxb7 23. Rxb7 Rxc3 24. Rd1 Ra3 25. Rxe7 Rxa2 26. Rxa7 Rxa7 27. Bxa7 Ra8 28. Bb6 h5 29. Rd8+ Rxd8 30. Bxd8 Kh7 31. Kg2 Bd4 1/2-1/2


[Site "https://www.chess.com"]

[Event "Titled Tuesday Blitz March 22 Early 2022"]
[White "Garv Gaur"]
[Black "Skliarov, Viktor"]
[WhiteFideId "45030839"]
[BlackFideId "14106736"]
[WhiteElo "1950"]
[BlackElo "2229"]
[Result "0-1"]
[Round "04"]
[TimeControl "180+1"]
[Date "2022.03.22"]
[WhiteClock "0:00:04"]
[BlackClock "0:00:12"]

1. d4 Nf6 2. Nf3 g6 3. c4 Bg7 4. g3 O-O 5. Bg2 c6 6. O-O d5 7. a4 dxc4 8. Na3 Nbd7 9. Nxc4 Nb6 10. Nce5 Nfd7 11. Nd3 a5 12. b3 c5 13. Bb2 c4 14. bxc4 Nxc4 15. Bc3 Ndb6 16. Nc5 Nd5 17. Qd3 Nxc3 18. Qxc3 Nd6 19. Rfd1 Bf5 20. Ne5 Rc8 21. Qb3 b6 22. Ncd3 Be4 23. Rac1 Bxg2 24. Kxg2 Rxc1 25. Rxc1 Qa8+ 26. Kg1 Qe4 27. Qxb6 Qxe2 28. Nf4 Qd2 29. Qc6 Qxd4 30. Nd7 Ne4 31. Rc2 Rd8 32. Nd5 Bf6 33. Kg2 Kg7 34. Re2 e6 35. N5xf6 Nxf6 36. Nxf6 Kxf6 37. Qf3+ Kg7 38. Re4 Qd5 39. Rf4 Qxf3+ 40. Kxf3 Rd3+ 41. Ke2 Ra3 42. Rc4 Kf6 43. h3 h5 44. Kf1 e5 45. Kg2 Kf5 46. f3 Ra2+ 47. Kg1 f6 48. Re4 g5 49. Rc4 Ke6 50. Rc6+ Ke7 51. Rc7+ Kd6 52. Rc4 Kd5 53. Rc7 Rxa4 54. Ra7 Ra2 55. g4 hxg4 56. hxg4 a4 57. Rd7+ Ke6 58. Rb7 a3 59. Rb6+ Kd5 60. Rb4 Rb2 61. Ra4 a2 62. Ra5+ Kc4 63. Ra4+ Kb5 64. Ra3 Rb1+ 65. Kf2 a1=Q 0-1


[Site "https://www.chess.com"]

[Event "Titled Tuesday Blitz March 22 Early 2022"]
[White "Golsta, Madara"]
[Black "Hamitevici, Vladimir"]
[WhiteFideId "11607386"]
[BlackFideId "13902393"]
[WhiteElo "1997"]
[BlackElo "2359"]
[Result "0-1"]
[Round "04"]
[TimeControl "180+1"]
[Date "2022.03.22"]
[WhiteClock "0:00:02"]
[BlackClock "0:00:07"]

1. e4 d6 2. d4 Nf6 3. Nc3 g6 4. f4 Bg7 5. Nf3 c5 6. dxc5 Qa5 7. Bd3 Qxc5 8. Qe2 Nc6 9. Be3 Qa5 10. O-O-O O-O 11. Kb1 a6 12. h3 Be6 13. g4 Rac8 14. Nd4 Nxd4 15. Bxd4 Nd7 16. Bxg7 Kxg7 17. Nd5 Bxd5 18. exd5 Rfe8 19. h4 Nf6 20. h5 Nxd5 21. hxg6 hxg6 22. f5 Nb4 23. a3 Nxd3 24. Rxd3 Qe5 25. Qd2 Rh8 26. Re1 Qf6 27. fxg6 Kxg6 28. g5 Qxg5 29. Qb4 Rh4 30. Qxb7 Qc5 31. Rd2 Qc7 32. Qf3 Rh5 33. Qg3+ Rg5 34. Qd3+ f5 35. Rh2 Qc5 36. Re6+ Kf7 37. Ree2 Rg1+ 38. Ka2 Qc4+ 39. Qxc4+ Rxc4 40. Kb3 Re4 41. Ref2 Rg3+ 42. c3 f4 43. Rd2 Ke6 44. Rh7 Kd7 45. Rh6 Rg5 46. Rh7 Rf5 47. Rf2 f3 48. Rh3 Re3 49. Kc4 e5 50. Kd5 e4+ 51. Kd4 Re1 0-1


[Site "https://www.chess.com"]

[Event "Titled Tuesday Blitz March 22 Early 2022"]
[White "Golubka, Petro"]
[Black "Reprintsev, Alexander"]
[WhiteFideId "14114224"]
[BlackFideId "14100541"]
[WhiteElo "2346"]
[BlackElo "2108"]
[Result "1-0"]
[Round "04"]
[TimeControl "180+1"]
[Date "2022.03.22"]
[WhiteClock "0:01:51"]
[BlackClock "0:01:14"]

1. e4 d5 2. exd5 Qxd5 3. Nc3 Qa5 4. Nf3 Nf6 5. b4 Qxb4 6. Rb1 Qd6 7. d4 e6 8. Nb5 Qd8 9. Bf4 Na6 10. c4 c6 11. Nc3 Bb4 12. Bd2 O-O 13. Be2 c5 14. dxc5 Qa5 15. Qc2 Rd8 16. O-O Rxd2 17. Nxd2 Bxc3 18. Nb3 Qb4 19. a3 Qxa3 20. Qxc3 Nxc5 21. Qd4 Nxb3 22. Rxb3 Qe7 23. Ra1 a5 24. Rb5 a4 25. h3 g6 26. Bf3 a3 27. Qc3 Ne8 28. Rb4 Qf6 29. Rxa3 Qxc3 30. Rxc3 Kf8 31. Bxb7 Bxb7 32. Rxb7 Rc8 33. c5 Nd6 34. cxd6 Rxc3 35. Rb8+ 1-0


[Site "https://www.chess.com"]

[Event "Titled Tuesday Blitz March 22 Early 2022"]
[White "Grandelius, Nils"]
[Black "Petrosyan, Manuel"]
[WhiteFideId "1710400"]
[BlackFideId "13300857"]
[WhiteElo "2617"]
[BlackElo "2592"]
[Result "0-1"]
[Round "04"]
[TimeControl "180+1"]
[Date "2022.03.22"]
[WhiteClock "0:00:04"]
[BlackClock "0:00:05"]

1. c4 e6 2. g3 d5 3. Bg2 Nf6 4. Nf3 d4 5. O-O Nc6 6. d3 Bc5 7. Nbd2 a5 8. Nb3 Be7 9. e3 dxe3 10. Bxe3 Ng4 11. Bc5 a4 12. Bxe7 Qxe7 13. Nbd2 a3 14. b3 O-O 15. Re1 Rd8 16. Ne4 e5 17. Qe2 Bf5 18. Rad1 Qb4 19. h3 Bxe4 20. Qxe4 Nf6 21. Qe3 Re8 22. Qd2 Rad8 23. Qc1 h6 24. Re3 Nd7 25. d4 exd4 26. Nxd4 Nxd4 27. Rxd4 Nc5 28. Qd1 Rb8 29. Rxe8+ Rxe8 30. Rd8 Kf8 31. Rxe8+ Kxe8 32. Qg4 Qe1+ 33. Kh2 Ne6 34. c5 Qxf2 35. Qa4+ Ke7 36. c6 bxc6 37. Qxa3+ c5 38. Qa7 h5 39. h4 g5 40. hxg5 h4 41. gxh4 Qxh4+ 42. Kg1 Qe1+ 43. Kh2 Qe5+ 44. Kg1 Qxg5 45. Qb7 Qe3+ 46. Kh2 Qe5+ 47. Kg1 Qa1+ 48. Kh2 Qxa2 49. Kg3 Qb2 50. Bd5 Qe5+ 51. Kf3 Nd4+ 52. Kg2 Qe2+ 53. Kg3 Qe3+ 54. Kg2 Qd2+ 55. Kg3 Qg5+ 56. Kf2 Qf4+ 57. Kg2 Nf5 58. Be4 Qg3+ 59. Kf1 Qf4+ 60. Ke2 Ng3+ 61. Kd3 Qxe4+ 62. Qxe4+ Nxe4 63. Kxe4 Kd6 0-1


[Site "https://www.chess.com"]

[Event "Titled Tuesday Blitz March 22 Early 2022"]
[White "Grieve, Harry"]
[Black "Chyngyz, Sultai"]
[WhiteFideId "426520"]
[BlackFideId "13803158"]
[WhiteElo "2294"]
[BlackElo "1365"]
[Result "1-0"]
[Round "04"]
[TimeControl "180+1"]
[Date "2022.03.22"]
[WhiteClock "0:00:06"]
[BlackClock "0:00:50"]

1. d4 Nf6 2. Bg5 Ne4 3. Bf4 g6 4. f3 Nf6 5. e4 d6 6. Nc3 Bg7 7. Qd2 O-O 8. Bh6 c6 9. Bxg7 Kxg7 10. O-O-O b5 11. h4 h5 12. Kb1 a5 13. g4 a4 14. gxh5 Nxh5 15. Nce2 Na6 16. Bh3 Bxh3 17. Nxh3 b4 18. Rdg1 b3 19. cxb3 axb3 20. axb3 Nc7 21. Qg5 Rh8 22. Nhf4 Nxf4 23. Nxf4 e5 24. dxe5 Qxg5 25. Rxg5 dxe5 26. Rxe5 Rab8 27. Re7 Nb5 28. h5 Nd4 29. Rg1 Kf6 30. Rd7 Nxf3 31. Rf1 Rxb3 32. Nd3 Ke6 33. Nc5+ Ke5 34. Nxb3 Kxe4 35. Re7+ Kf4 36. Nd4 gxh5 37. Rxf3+ Kg4 38. Rexf7 h4 39. R7f4+ Kg5 40. Ne6+ Kg6 41. Rf6+ Kh5 42. R3f5+ Kg4 43. Rg5+ Kh3 44. Rf3+ Kh2 45. Rf2+ Kh1 46. Nd4 Rf8 47. Rxf8 h3 48. Rf1+ Kh2 49. Nf3# 1-0


[Site "https://www.chess.com"]